 Dungeon Crawl Stone Soup version 0.31-a0-233-g139696dc86 (webtiles) character file.

Game seed: 14718739026890075053

12833 olmar the Protected (level 11, -1/166 HPs)
             Began as an Armataur Fighter on July 8, 2023.
             Was an Initiate of Gozag.
             Slain by a komodo dragon (25 damage)
             ... on level 2 of the Lair of Beasts.
             The game lasted 00:15:41 (11607 turns).

olmar the Protected (Armataur Fighter)             Turns: 11607, Time: 00:15:41

Health: -1/166     AC: 11    Str: 26    XL:     11   Next: 67%
Magic:  8/11       EV:  7    Int: 20    God:    Gozag
Gold:   1554       SH:  0    Dex: 12    Spells: 10/10 levels left

rFire   . . .        h - +2 dire flail (freeze)
rCold   . . .        (shield currently unavailable)
rNeg    . . .        M - +0 chain mail
rPois   .            (helmet restricted)
rElec   .            (no cloak)
rCorr   .            (no gloves)
SInv    .            (no barding)
Will    .....        F - amulet of the acrobat Stlth
                     o - +6 ring of intelligence
HPRegen 0.47/turn    G - +6 ring of intelligence
MPRegen 0.12/turn

%: acrobat, roll
@: berserking, lethally poisoned (-1 -> -10), very quick
A: large, rugged brown scales 3, deformed body, armoured tail, roll, long
tongue, awkward tongue, horns 1, thin skeletal structure 1, sense surroundings
1, robust 1, MP-powered wands
a: Renounce Religion, Potion Petition, Call Merchant, Bribe Branch


You were on level 2 of the Lair of Beasts.
You worshipped Gozag.
Gozag was most pleased with you.
You visited 3 branches of the dungeon, and saw 12 of its levels.

You collected 1810 gold pieces.
You paid 256 gold pieces to Gozag.

Inventory:

Hand Weapons
 a - a +0 flail
 h - a +2 dire flail of freezing (weapon)
 D - a +2 whip of venom
 K - a +1 heavy flail
Missiles
 e - 14 poisoned darts
 n - 6 boomerangs (quivered)
Armour
 b - a +0 scale mail
 c - a +0 buckler
 x - a +2 helmet
 C - an orb of light
 M - a +0 chain mail (worn)
 O - a +0 chain mail
Jewellery
 o - a +6 ring of intelligence (left hand)
 t - an amulet of faith
 F - an amulet of the acrobat (around neck)
 G - a +6 ring of intelligence (right hand)
 L - an amulet of reflection
Wands
 p - a wand of roots (3)
Scrolls
 f - 6 scrolls of teleportation
 i - 2 scrolls of vulnerability
 l - a scroll of fear
 m - 3 scrolls of fog
 v - a scroll of revelation
 y - a scroll of poison {unknown}
 B - a scroll of blinking {unknown}
 E - a scroll of brand weapon
 H - a scroll of amnesia {unknown}
 I - a scroll of noise
 J - a scroll of enchant weapon {unknown}
Potions
 d - a potion of might
 g - a potion of ambrosia {unknown}
 j - 2 potions of degeneration
 k - 2 potions of haste
 q - 2 potions of brilliance
 r - 2 potions of curing
 s - 2 potions of mutation
 u - 3 potions of lignification
 w - a potion of attraction
 z - a potion of enlightenment
 A - a potion of magic


   Skills:
 + Level 8.6 Fighting
 + Level 11.8 Maces & Flails
 + Level 12.7 Armour
 - Level 5.2 Shields
 - Level 0.2 Evocations


You had 10 spell levels left.
You didn't know any spells.
Your spell library contained the following spells:

 Spells                   Type           Power      Damage    Failure   Level
 Beastly Appendage        Tmut           0%         N/A       54%         1
 Ensorcelled Hibernation  Hex/Ice        0%         N/A       69%         2
 Wereblood                Tmut           0%         N/A       69%         2
 Spider Form              Tmut/Pois      0%         N/A       89%         3
 Anguish                  Hex/Necr       0%         N/A       100%        4
 Animate Armour           Summ/Erth      0%         N/A       100%        4
 Petrify                  Tmut/Erth      0%         N/A       100%        4
 Summon Lightning Spire   Summ/Air       0%         N/A       100%        4
 Blade Hands              Tmut           0%         N/A       100%        5
 Metabolic Englaciation   Hex/Ice        0%         N/A       100%        5
 Statue Form              Tmut/Erth      0%         N/A       100%        6


Dungeon Overview and Level Annotations

Branches:
Dungeon (8/15)             Temple (1/1) D:4            Lair (3/5) D:8
 Spider (0/4) Lair:3
  Swamp: Lair:2-3    Shoals: Lair:2-3

Altars:
Cheibriados
Elyvilon
Fedhas
Gozag
Hepliaklqana
Kikubaaqudgha
Makhleb
Nemelex Xobeh
Okawaru
Qazlal
Trog
Wu Jian
Xom
Yredelemnul

Shops:
D:8 (

Annotations:
D:6 1 runed translucent door, Crazy Yiuf
D:8 1 runed translucent door
Temple 2 transporters


Innate Abilities, Weirdness & Mutations

You are completely covered in rugged brown scales. (AC +3, +7% HP)
Armour fits poorly on your strangely shaped body.
You have a long armoured tail.
You roll when moving toward enemies. (Rampage)
Your long tongue fully drains potion bottles. (2x potion effects)
Your tongue gives you trouble enunciating. (1.5x scroll delay)
You have a pair of small horns on your head.
You have a somewhat thin skeletal structure. (Dex +2, Stealth+)
You passively map a small area around you.
You are robust. (+10% HP)
You expend magic power (3 MP) to strengthen your wands.


Message History

Roots grab the komodo dragon.
Roots grab the meliai.
The grasping roots constrict the meliai.
The grasping roots constrict the komodo dragon!
The meliai hits you with a +0 hand axe. The meliai stings you!
You are poisoned.
The meliai poisons you! The meliai hits you with a +0 hand axe.
The meliai stings you! The komodo dragon bites you!
Unknown command.
Unknown command.
Unknown command.
You barely miss the meliai. You headbutt the meliai.
The meliai is lightly wounded.
The grasping roots constrict the meliai.
The grasping roots constrict the komodo dragon.
You feel very sick.
The roots release their grip on the meliai.
The meliai calls down the wrath of its god upon you.
Something smites you! The komodo dragon bites you!!
* * * LOW HITPOINT WARNING * * *
The meliai completely misses you.
The meliai stings you but does no damage.
Okay, then. [a] - 297 gold - curing and magic [b] - 210 gold - heal wounds and berserk rage [c] - 493 gold - lignification, might and resistance Purchase which effect?
You feel much better.
A red film seems to cover your vision as you go berserk!
You feel yourself moving faster!
You feel mighty!
The grasping roots constrict the komodo dragon!
You feel very sick.
The roots release their grip on the komodo dragon.
The meliai mumbles some strange prayers to its god against you.
Something smites you!
* * * LOW HITPOINT WARNING * * *
The meliai barely misses you.
The meliai stings you but does no damage.
The komodo dragon bites you!!
You die...
Your body crumbles into a pile of gold.

..................##.............
.......#....##......#....###.....
##..........##.....##.....##.....
#....#.....##.....##.....#P....#
#....#......#..8...#.....##....#
##....##..8........#..8...#......
.'...........#...........##......
##.....#........8.......###.....#
#.............y@......##.......#
##.....#.##..8..l..8..##..##.....
#.......###..........##.#.##.<...
#.......#..#....8...##....##.....
.............#..................#
..............##'##..............
.............#....##.............
...................#.............
..........#..#8.<.8#.............


You could see a komodo dragon and a meliai.

Vanquished Creatures
  Pikel (D:5)
  6 elephants (Lair:2)
  Joseph (D:7)
  4 black mambas (Lair:2)
  A cane toad (Lair:2)
  2 rime drakes (Lair:2)
  An unseen horror zombie (D:7)
  A troll (D:8)
  Prince Ribbit (D:5)
  A blink frog (Lair:2)
  Sigmund (D:5)
  2 wyverns
  20 yaks
  A basilisk (Lair:2)
  4 water moccasins
  An orc warrior (D:8)
  A sky beast (D:6)
  A centaur (D:4)
  3 ogres (D:6)
  A kobold brigand (D:8)
  7 bullfrogs
  3 necrophages (D:7)
  A scorpion (D:6)
  7 wights
  5 killer bees (D:6)
  3 howler monkeys (D:7)
  6 electric eels
  14 hounds
  A jelly (D:6)
  2 centaur zombies (D:7)
  4 orc priests
  2 sleepcaps
  Natasha (thrice) (D:4)
  7 orc wizards
  Robin (D:4)
  8 adders
  A gnoll (D:1)
  An ufetubus (D:5)
  A worm (D:3)
  3 dart slugs
  20 orcs
  4 ball pythons
  6 endoplasms
  3 giant cockroaches
  7 hobgoblins
  6 jackals
  4 quokkas
  7 bats
  3 frilled lizards
  15 goblins
  2 goblin zombies (D:8)
  A jackal zombie (D:8)
  6 kobolds
  8 rats
226 creatures vanquished.

Notes
Turn   | Place    | Note
-------+----------+-------------------------------------------
     0 | D:1      | olmar the Armataur Fighter began the quest for the Orb.
     0 | D:1      | Reached XP level 1. HP: 19/19 MP: 1/1
   180 | D:1      | Reached XP level 2. HP: 22/26 MP: 2/2
   240 | D:1      | Reached skill level 4 in Armour
   318 | D:1      | Reached XP level 3. HP: 24/33 MP: 3/3
   687 | D:2      | Reached XP level 4. HP: 37/40 MP: 4/4
   980 | D:2      | Reached XP level 5. HP: 48/48 MP: 5/5
  1186 | D:2      | Identified the +11 spear of the Reaper {protect, rCorr}
  1762 | D:3      | Found a white marble altar of Elyvilon.
  1842 | D:3      | Found a snail-covered altar of Cheibriados.
  1849 | D:3      | Found a bloodstained altar of Trog.
  1853 | D:3      | Found a stormy altar of Qazlal.
  2627 | D:4      | Found a staircase to the Ecumenical Temple.
  2630 | D:4      | Noticed Natasha
  2633 | Temple   | Entered the Ecumenical Temple
  2633 | Temple   | Found a transporter.
  2633 | Temple   | Found a transporter.
  2635 | Temple   | Found a transporter.
  2635 | Temple   | Found a transporter.
  2649 | Temple   | Became a worshipper of Gozag Ym Sagoz the Greedy
  2675 | D:4      | Killed Natasha
  2773 | D:4      | Noticed Natasha
  2781 | D:4      | Killed Natasha
  2851 | D:4      | Reached XP level 6. HP: 54/54 MP: 6/6
  2929 | D:4      | Reached skill level 5 in Armour
  3583 | D:4      | Noticed Robin
  3602 | D:4      | Killed Robin
  3628 | D:4      | Noticed Natasha
  3631 | D:4      | Killed Natasha
  3743 | D:5      | Entered Level 5 of the Dungeon
  3857 | D:5      | Reached skill level 5 in Maces & Flails
  3932 | D:5      | Noticed Sigmund
  3938 | D:5      | Killed Sigmund
  3939 | D:5      | Reached XP level 7. HP: 63/63 MP: 7/7
  3966 | D:5      | Noticed Pikel
  3978 | D:5      | Killed Pikel
  3979 | D:5      | Reached skill level 6 in Armour
  3979 | D:5      | Reached XP level 8. HP: 46/71 MP: 8/8
  4207 | D:5      | Noticed Prince Ribbit
  4225 | D:5      | Killed Prince Ribbit
  4226 | D:5      | Reached skill level 7 in Armour
  4643 | D:6      | Reached skill level 5 in Fighting
  4707 | D:6      | Reached skill level 8 in Armour
  5064 | D:6      | Reached skill level 5 in Shields
  5064 | D:6      | Reached XP level 9. HP: 79/79 MP: 9/9
  5241 | D:6      | Found a runed translucent door.
  5242 | D:6      | Noticed Crazy Yiuf
  5778 | D:7      | Gained mutation: You are robust. (+10% HP) [potion of
                  | mutation]
  5778 | D:7      | Gained mutation: You passively map a small area around you.
                  | [potion of mutation]
  5778 | D:7      | Gained mutation: You have a pair of small horns on your
                  | head. [potion of mutation]
  5778 | D:7      | Gained mutation: You have a somewhat thin skeletal
                  | structure. (Dex +2, Stealth+) [potion of mutation]
  5778 | D:7      | Gained mutation: You expend magic power (3 MP) to
                  | strengthen your wands. [potion of mutation]
  6056 | D:7      | Noticed Joseph
  6067 | D:7      | Killed Joseph
  6068 | D:7      | Reached skill level 9 in Armour
  6477 | D:7      | Found a blossoming altar of Fedhas.
  7059 | D:7      | Reached XP level 10. HP: 67/98 MP: 10/10
  7151 | D:7      | Reached skill level 10 in Armour
  7388 | D:8      | Found Iwae's Antique Weapon Shop.
  7652 | D:8      | Found a runed translucent door.
  7845 | D:8      | Found a basalt altar of Yredelemnul.
  7960 | D:8      | Found a staircase to the Lair.
  8737 | D:8      | Found a hazy altar of Hepliaklqana.
  9000 | D:8      | Found a shimmering altar of Xom.
  9293 | Lair:1   | Entered Level 1 of the Lair of Beasts
  9350 | Lair:1   | You fall into a shaft and drop 1 floor!
  9350 | Lair:2   | Noticed a black mamba
  9358 | Lair:2   | Killed a black mamba
  9359 | Lair:2   | Reached skill level 10 in Maces & Flails
  9808 | Lair:2   | Reached skill level 11 in Armour
 10126 | Lair:2   | Noticed a cane toad
 10146 | Lair:2   | Killed a cane toad
 10197 | Lair:2   | Noticed an elephant
 10201 | Lair:2   | Noticed an elephant
 10210 | Lair:2   | Noticed an elephant
 10212 | Lair:2   | Killed an elephant
 10213 | Lair:2   | Reached XP level 11. HP: 78/107 MP: 11/11
 10227 | Lair:2   | Reached skill level 12 in Armour
 11597 | Lair:3   | Found a hole to the Spider Nest.
 11607 | Lair:2   | Slain by a komodo dragon

Illustrated notes

Levels and vault maps discovered:
D:1:      eino_arrival_water_star, layout_rooms
D:2:      layout_loops_ring
D:3:      layout_basic, mainiacjoe_overflow_alcove_4,
          minmay_overflow_temple_star_quad
D:4:      layout_layer_cave, minmay_temple_entry_ruins, uniq_robin, uniq_natasha
D:5:      layout_rooms, uniq_pikel, uniq_prince_ribbit1, uniq_sigmund
D:6:      layout_basic, uniq_crazy_yiuf_cottage
D:7:      layout_gridville, fedhas_altar_decomposition, grunt_ministairs_13,
          minmay_between, uniq_joseph
D:8:      layout_basic, mainiacjoe_overflow_tiny_flanked,
          lemuel_coloured_pillars_altar, dk_yredelemnul_ordeal,
          erik_lair_island, serial_shops, shop_statue
Temple:   hellmonk_temple_divided_pantheon
Lair:1:   layout_regular_city, gammafunk_ghost_arena, uniq_urug
Lair:2:   layout_regular_city, serial_bayou_shore_a, grunt_megastairs_3
Lair:3:   layout_hall_layers, minmay_shoals_entry_hut,
          hellmonk_spider_entry_not_the_bees

Skill      XL: |  1  2  3  4  5  6  7  8  9 10 11 |
---------------+----------------------------------+-----
Maces & Flails | 2 3 4 5 6 7 9 10 11 | 11.8
Fighting       | 3 4 5 6 7 8 |  8.6
Armour         | 4 5 6 8 9 11 12 | 12.7
Shields        | 4 5 |  5.2
Evocations     | |  0.2

Action                     |  1- 3 |  4- 6 |  7- 9 | 10-12 || total
---------------------------+-------+-------+-------+-------++-------
  Melee: Flail             |   124 |   212 |    16 |       ||   352
         Tailslap          |     8 |    20 |    27 |    40 ||    95
         Whip              |       |       |   161 |    12 ||   173
         Dire flail        |       |       |    53 |   301 ||   354
         Headbutt          |       |       |    16 |    83 ||    99
  Throw: Dart              |       |       |     8 |       ||     8
         Boomerang         |       |       |     2 |     4 ||     6
 Invoke: Potion Petition   |       |       |       |     1 ||     1
  Evoke: Wand              |       |     1 |     1 |     5 ||     7
    Use: Scroll            |     2 |     4 |     2 |     7 ||    15
         Potion            |     1 |     1 |     3 |     6 ||    11
   Stab: Distracted        |       |     1 |     1 |     2 ||     4
 Armour: Scale mail        |   101 |   110 |    69 |    12 ||   292
         Chain mail        |       |       |       |   112 ||   112
  Dodge: Dodged            |    38 |    81 |    58 |   117 ||   294
  Block: Buckler           |    28 |    45 |    28 |       ||   101

Table legend: (Time is in decaauts)
 A = Elapsed time spent in this place.
 B = Non-inter-level travel time spent in this place.
 C = Inter-level travel time spent in this place.
 D = Time resting spent in this place.
 E = Time spent auto-exploring this place.
 F = Levels seen in this place.
 G = Mean time per level.
                   A        B        C        D        E       F      G
               +--------+--------+--------+--------+--------+-----+--------+
         Total |  11606 |  11317 |    289 |   3167 |   6162 |  12 |  967.2 |
       Dungeon |   9292 |   9036 |    256 |   2105 |   5370 |   8 | 1161.5 |
        Temple |     45 |     45 |      0 |      0 |      0 |   1 |   45.0 |
          Lair |   2268 |   2235 |     33 |   1061 |    792 |   3 |  756.0 |
               +--------+--------+--------+--------+--------+-----+--------+

Top non-repeatable levels by time:
  Lair:2: 2155 daAuts
     D:8: 1993 daAuts
     D:4: 1701 daAuts
     D:7: 1496 daAuts
     D:6: 1310 daAuts
     D:3: 753 daAuts
     D:2: 752 daAuts
     D:5: 701 daAuts
     D:1: 582 daAuts
  Lair:1: 56 daAuts
  Lair:3: 56 daAuts
  Temple: 45 daAuts
